 Dungeon Crawl Stone Soup version 0.21-a0-225-g207ae17 (webtiles) character file.

674 aurelian the Cudgeler (level 7, -4/53 HPs)
             Began as a Mummy Fighter on Aug 28, 2017.
             Was a Follower of Okawaru.
             Killed by divine providence
             ... invoked by an orc priest
              (9 damage)
             ... on level 5 of the Dungeon.
             The game lasted 00:13:33 (5317 turns).

aurelian the Cudgeler (Mummy Fighter)               Turns: 5317, Time: 00:13:34

Health: -4/53      AC: 10    Str: 22    XL:     7   Next: 33%
Magic:  7/7        EV:  5    Int:  7    God:    Okawaru [*.....]
Gold:   198        SH:  9    Dex: 11    Spells: 6/6 levels left

rFire    x . .     SeeInvis .   a - +0 flail
rCold    + . .     Gourm    .   c - +0 shield
rNeg     + + +     Faith    .   g - +0 chain mail
rPois    ∞         Spirit   .   (no helmet)
rElec    .         Reflect  .   l - +0 cloak
rCorr    .         Harm     .   (no gloves)
MR       .....                  (no boots)
Stlth    ..........             (no amulet)
HPRegen  0.17/turn              k - ring of stealth
MPRegen  0.10/turn              (no ring)

@: very slightly contaminated
A: no food or potions, fire vulnerability, cold resistance 1, negative energy
resistance 3, torment resistance, unbreathing
a: Heroism, Renounce Religion


You were on level 5 of the Dungeon.
You worshipped Okawaru.
Okawaru was aware of your devotion.
You were not hungry.

You visited 1 branch of the dungeon, and saw 5 of its levels.

You collected 198 gold pieces.

Inventory:

Hand Weapons
 a - a +0 flail (weapon)
Missiles
 j - 46 sling bullets
 n - 36 stones
 q - 2 javelins (quivered)
Armour
 b - a +0 scale mail
 c - a +0 shield (worn)
 g - a +0 chain mail (worn)
 l - a +0 cloak (worn)
Jewellery
 k - a ring of stealth (left hand)
Scrolls
 d - a scroll of recharging
 e - a scroll of teleportation
 f - a scroll of enchant weapon
 h - a scroll of blinking
 i - 2 scrolls of fog
 m - 4 scrolls of remove curse
 o - a scroll of noise
 p - a scroll of magic mapping
 r - a scroll of amnesia {unknown}
Books
 s - a book of Debilitation

   Spells                             Type                      Level
   a - Corona                         Hexes                        1
   b - Slow                           Hexes                        2
   c - Inner Flame                    Hexes/Fire                   3
   d - Portal Projectile              Hexes/Translocation          3
   e - Cause Fear                     Hexes                        4
   f - Leda's Liquefaction            Hexes/Earth                  4


   Skills:
 + Level 3.9 Fighting
 * Level 5.1 Maces & Flails
 + Level 3.0 Armour
 + Level 4.1 Shields
 - Level 1.0 Invocations


You had 6 spell levels left.
You didn't know any spells.

Dungeon Overview and Level Annotations

Branches:
Dungeon (5/15)
 Temple: D:4-7

Altars:
Okawaru
Ru

Annotations:
D:2 1 runed door, exclusion: 2 downstairs
D:3 Meesh's ghost, weakling DrFi; Robin; Sigmund


Innate Abilities, Weirdness & Mutations

You do not eat or drink.
Your flesh is vulnerable to fire.
You are immune to poison.
Your flesh is cold resistant. (rC+)
You are immune to negative energy. (rN+++)
You are immune to unholy pain and torment.
You can survive without breathing.


Message History

The orc priest invokes the aid of Beogh against you.
Beogh smites you!
You barely miss the orc priest.
The orc priest is moderately wounded.
The orc priest mumbles some strange prayers to Beogh against you.
Beogh smites you!
* * * LOW HITPOINT WARNING * * *
The orc wizard closely misses you.
Unknown command.
Okay, then.
Blink to where?
Press: ? - help, Dir - move target cursor You are very lightly contaminated with residual magic.
As you read the scroll of blinking, it crumbles to dust.
The orc priest mumbles some strange prayers to Beogh against you.
Beogh smites you!
* * * LOW HITPOINT WARNING * * *
The orc priest calls down the wrath of Beogh upon you.
Beogh smites you!
You die...

##.........#......#.......###....
..................#..............
..%............###...............
.............#.###<..####........
..............##....## ####..(..
#..................## ##....
.......#..........## ##...
......##..#.....(### ####
.........##....#@..#
..o......##.......#### #####
......###.##.........#######.<.##
..#.#.###oo..".###...!..........#
..#....#o##.#.## ####............
.....##..#..#.### ###...#####..
.....###.#.###>.# ##### ##
......##...# ##.# .#.........#
###


You could see an orc priest and an orc.

Vanquished Creatures
  A phantom (D:4)
  A centaur (D:5)
  A scorpion (D:4)
  A crimson imp (D:5)
  A centaur zombie (D:5)
  A hound (D:4)
  An orc wizard (D:4)
  A worker ant (D:4)
  7 gnolls
  13 adders
  An adder skeleton (D:4)
  4 worms
  2 dart slugs (D:3)
  2 leopard geckos
  5 orcs
  2 ball pythons
  5 giant cockroaches
  15 goblins
  9 hobgoblins
  8 jackals
  6 kobolds
  A quokka (D:3)
  10 bats
  3 frilled lizards
  A jackal skeleton (D:4)
  10 rats
112 creatures vanquished.

Notes
Turn   | Place    | Note
-------+----------+-------------------------------------------
     0 | D:1      | aurelian the Mummy Fighter began the quest for the Orb.
     0 | D:1      | Reached XP level 1. HP: 18/18 MP: 1/1
   123 | D:1      | Reached skill level 2 in Maces & Flails
   144 | D:1      | Reached XP level 2. HP: 22/24 MP: 2/2
   417 | D:1      | Reached XP level 3. HP: 16/29 MP: 3/3
  1009 | D:2      | Reached skill level 3 in Maces & Flails
  1009 | D:2      | Reached XP level 4. HP: 35/35 MP: 4/4
  1020 | D:2      | Found an iron altar of Okawaru.
  1045 | D:2      | Became a worshipper of Warmaster Okawaru
  1707 | D:2      | Reached XP level 5. HP: 34/41 MP: 5/5
  1958 | D:2      | Found a runed door.
  2037 | D:3      | Noticed Sigmund
  2265 | D:3      | Noticed Robin
  2569 | D:3      | Reached skill level 4 in Maces & Flails
  2955 | D:3      | Noticed Meesh's ghost (weakling DrFi)
  3560 | D:4      | Reached XP level 6. HP: 31/47 MP: 6/6
  3737 | D:4      | Reached * piety under Okawaru
  3895 | D:4      | Found a sacrificial altar of Ru.
  4393 | D:5      | Entered Level 5 of the Dungeon
  4442 | D:4      | Reached skill level 1 in Invocations
  4442 | D:4      | Reached XP level 7. HP: 41/52 MP: 7/7
  4776 | D:5      | Reached skill level 5 in Maces & Flails
  5317 | D:5      | Killed from afar by an orc priest

Vault maps used:
D:1:      eino_arrival_water_cross
D:2:      okawaru_gym_becter, uniq_crazy_yiuf_cottage
D:3:      kennysheep_big_flooded_room, kennysheep_generic_room_15, uniq_sigmund,
          uniq_robin
D:4:      first_bread, nicolae_ru_great_annihilating_truth

Skill      XL: |  1  2  3  4  5  6  7 |
---------------+----------------------+-----
Maces & Flails | 2 3 4 5 |  5.1
Shields        | 3 4 |  4.1
Invocations    | 1 |  1.0
Armour         | 3 |  3.0
Fighting       | |  3.9

Action                   |  1- 3 |  4- 6 |  7- 9 || total
-------------------------+-------+-------+-------++-------
Melee: Flail             |   100 |   362 |    56 ||   518
Throw: Stone             |       |     1 |       ||     1
       Javelin           |       |       |     1 ||     1
  Use: Scroll            |       |    10 |     6 ||    16
Armor: Scale mail        |    38 |    51 |       ||    89
       Chain mail        |       |   134 |    38 ||   172
Dodge: Dodged            |    29 |    96 |    12 ||   137
Block: Shield            |    45 |   198 |    26 ||   269

Table legend:
 A = Spawn XP
 B = Non-spawn XP
 C = Spawn XP percentage of total XP
 D = Spawn monster count
 E = Non-spawn monster count
 F = Spawn count percentage of total count
 G = Total turns spent on level
                    A         B        C        D         E        F      G
               +---------+---------+-------+---------+---------+-------+---------
         Total |     217 |     747 |  22.5 |      20 |      92 |  17.9 |  5317
               +---------+---------+-------+---------+---------+-------+---------
           D:1 |       7 |      73 |   8.8 |       4 |      22 |  15.4 |  1093
           D:2 |      33 |     115 |  22.3 |       7 |      18 |  28.0 |   943
           D:3 |      48 |     102 |  32.0 |       6 |      34 |  15.0 |  1585
           D:4 |      19 |     357 |   5.1 |       2 |      14 |  12.5 |   895
           D:5 |     110 |     100 |  52.4 |       1 |       4 |  20.0 |   801
               +---------+---------+-------+---------+---------+-------+---------
